 Dungeon Crawl Stone Soup version 0.26.1-2-gb8aa6d0cf2 (webtiles) character file.

Game seed: 1039189408974722298

1215 hawla the Destroyer (level 8, 0/51 (59) HPs)
             Began as a Grey Draconian Conjurer on Feb 9, 2021.
             Was an Initiate of Vehumet.
             Succumbed to Duvessa's poison
             ... on level 6 of the Dungeon.
             The game lasted 00:19:54 (8890 turns).

hawla the Destroyer (Grey Draconian Conjurer)       Turns: 8890, Time: 00:19:55

HP:   0/51 (59)     AC: 13    Str: 11    XL:     8   Next: 22%
MP:   2/14          EV: 13    Int: 20    God:    Vehumet [......]
Gold: 316           SH:  0    Dex:  9    Spells: 8/16 levels left

rFire    . . .     SeeInvis +   g - staff of air
rCold    + . .     Faith    .   (no shield)
rNeg     . . .     Spirit   .   (armour unavailable)
rPois    .         Reflect  .   (helmet restricted)
rElec    +         Harm     .   k - +0 cloak
rCorr    +         Rampage  .   (no gloves)
Will     .....                  (no boots)
Stlth    ++........             (no amulet)
HPRegen  0.17/turn              e - ring of see invisible
MPRegen  0.14/turn              f - ring of resist corrosion

@: lethally poisoned (0 -> -46), heavily drained
A: walk through water, unfitting armour, cold resistance 1, shaggy fur 1,
unbreathing, cold-blooded, AC +11
a: Renounce Religion


You were on level 6 of the Dungeon.
You worshipped Vehumet.
Vehumet was noncommittal.
You visited 2 branches of the dungeon, and saw 7 of its levels.

You collected 316 gold pieces.

Inventory:

Armour
 k - a +0 cloak (worn)
Magical Staves
 g - an uncursed staff of air (weapon)
Jewellery
 e - a ring of see invisible (left hand)
 f - a ring of resist corrosion (right hand)
 h - an uncursed amulet of guardian spirit {unknown}
Wands
 c - a wand of digging (4)
Scrolls
 a - 2 scrolls of identify
 d - a scroll of fear
 l - 2 scrolls of remove curse
Potions
 i - a potion of flight


   Skills:
 + Level 1.6 Fighting
 + Level 3.1 Dodging
 - Level 2.0 Stealth
 + Level 4.5 Spellcasting
 * Level 8.0 Conjurations
 * Level 3.1 Translocations
 * Level 2.5 Earth Magic


You had 8 spell levels left.
You knew the following spells:

 Your Spells              Type           Power        Failure   Level
a - Magic Dart            Conj           100%         1%          1
b - Searing Ray           Conj           72%          1%          2
c - Iskenderun's Mystic   Conj/Tloc      26%          12%         4
d - Apportation           Tloc           34%          3%          1

Your spell library contained the following spells:

 Spells                   Type           Power        Failure   Level
 Dazzling Flash           Conj/Hex       40%          7%          3
 Animate Skeleton         Necr           8%           12%         1
 Corona                   Hex            4%           12%         1
 Summon Small Mammal      Summ           16%          12%         1
 Fulminant Prism          Conj/Hex       10%          24%         4


Dungeon Overview and Level Annotations

Branches:
Dungeon (6/15)             Temple (1/1) D:5

Altars:
Ashenzari
Cheibriados
Dithmenos
Elyvilon
Fedhas
Gozag
Hepliaklqana
Kikubaaqudgha
Makhleb
Okawaru
Qazlal
Ru
Sif Muna
Trog
Uskayaw
Vehumet
Wu Jian
Xom
Yredelemnul
Zin
The Shining One

Annotations:
D:6 Dowan, Duvessa


Innate Abilities, Weirdness & Mutations

You can walk through water.
Your dull iron-grey scales are very hard. (AC +11)
You cannot fit into any form of body armour.
You can survive without breathing.
You are cold-blooded and may be slowed by cold attacks.
Your flesh is cold resistant. (rC+)
You are covered in fur. (AC +1)


Message History

* * * LOW HITPOINT WARNING * * *
You are more poisoned.
The bullfrog zombie hits you!
* * * LOW HITPOINT WARNING * * *
Duvessa hits you with a +2 short sword of venom.
* * * LOW HITPOINT WARNING * * *
You are more poisoned.
The bullfrog zombie misses you.
There is a stone staircase leading up, spattered with blood here.
Casting: Searing Ray (safe; 1% risk of failure)
Confirm with . or Enter, or press ? or * to list all spells.
The spell is quite dangerous to cast (12% risk of failure)!
Continue anyway?
You erupt in a blast of force!
The mystic blast hits Duvessa but does no damage.
Duvessa is lightly wounded.
The mystic blast hits the bullfrog zombie!
The bullfrog zombie is moderately damaged.
The bullfrog zombie is knocked back by the mystic blast.
The bullfrog zombie slams into the rock wall!
You die...

...#
ยงยงยง###e....###...
....#######.........####
........................
#.........#####'#######
#.........#......#
#.........#......#
#.........#......#
#.........#......#
#....e@...#......#
#.....Z...####..##
....###'##+##.##..## ...
#..............# .
#..............#
+.........>....#
#...###...###### #...#
#...# #..........#


You could see Duvessa (fast) and a bullfrog zombie.

Vanquished Creatures
  Grinder (D:5)
  A black bear (D:6)
  An ogre (D:5)
  Blork the orc (D:4)
  A scorpion (D:4)
  2 wights
  A centaur zombie (D:5)
  2 hounds
  A quasit (D:6)
  A jelly (D:5)
  An orc wizard (D:2)
  An orc priest (D:2)
  Terence (D:3)
  An iguana (D:5)
  4 worker ants
  A hound skeleton (D:4)
  A worker ant zombie (D:5)
  9 adders
  6 gnolls
  3 shadow imps
  A white imp (D:6)
  An ooze (D:4)
  An adder zombie (D:5)
  3 worms
  2 dart slugs
  8 leopard geckos
  4 orcs
  A ball python (D:4)
  2 giant cockroaches
  11 hobgoblins
  3 jackals (D:5)
  6 kobolds
  3 quokkas
  7 bats
  10 frilled lizards
  7 goblins
  5 rats
115 creatures vanquished.

Vanquished Creatures (others)
  5 plants (D:5)
5 creatures vanquished.

Grand Total: 120 creatures vanquished

Notes
Turn   | Place    | Note
-------+----------+-------------------------------------------
     0 | D:1      | hawla the Draconian Conjurer began the quest for the Orb.
     0 | D:1      | Reached XP level 1. HP: 14/14 MP: 3/3
   214 | D:1      | Reached XP level 2. HP: 20/20 MP: 1/5
   850 | D:1      | Learned a level 2 spell: Searing Ray
  1424 | D:2      | Reached XP level 3. HP: 26/26 MP: 3/6
  1740 | D:2      | Reached skill level 5 in Conjurations
  1977 | D:2      | Reached XP level 4. HP: 29/33 MP: 2/7
  1984 | D:1      | Learned a level 4 spell: Iskenderun's Mystic Blast
  2784 | D:2      | Reached XP level 5. HP: 15/38 MP: 0/9
  2972 | D:2      | Found a burning altar of Makhleb.
  3875 | D:3      | Reached skill level 1 in Translocations
  3934 | D:3      | Noticed Terence
  3940 | D:3      | Killed Terence
  4151 | D:3      | Reached skill level 6 in Conjurations
  4345 | D:3      | Found a stormy altar of Qazlal.
  5235 | D:4      | Gained mutation: You are covered in fur. (AC +1) [potion of
                  | mutation]
  5235 | D:4      | Gained mutation: Your flesh is cold resistant. (rC+)
                  | [potion of mutation]
  5239 | D:4      | Reached XP level 6. HP: 26/46 MP: 1/10
  6133 | D:5      | Entered Level 5 of the Dungeon
  6428 | D:5      | Noticed Blork the orc
  6544 | D:4      | Killed Blork the orc
  6774 | D:5      | Reached skill level 1 in Fighting
  6774 | D:5      | Your scales start taking on a dull iron-grey colour.
  6774 | D:5      | Reached XP level 7. HP: 40/52 MP: 3/12
  6774 | D:5      | Gained mutation: You can survive without breathing. [Grey
                  | Draconian growth]
  6848 | D:5      | Reached skill level 7 in Conjurations
  7070 | D:5      | Found a staircase to the Ecumenical Temple.
  7073 | D:5      | Noticed Grinder
  7092 | D:5      | Paralysed by Grinder for 7 turns
  7103 | D:5      | Paralysed by Grinder for 2 turns
  7111 | D:5      | Reached skill level 1 in Earth Magic
  7267 | D:5      | Killed Grinder
  7275 | Temple   | Entered the Ecumenical Temple
  7278 | Temple   | Learned a level 1 spell: Apportation
  7511 | Temple   | Became a worshipper of Vehumet
  7577 | D:5      | Found a shadowy altar of Dithmenos.
  7722 | D:5      | HP: 2/52 [iguana (8)]
  8156 | D:6      | Reached XP level 8. HP: 59/59 MP: 9/14
  8721 | D:6      | Reached skill level 8 in Conjurations
  8861 | D:6      | Noticed Dowan
  8863 | D:6      | Noticed Duvessa
  8890 | D:6      | Succumbed to Duvessa's poison

Illustrated notes

Levels and vault maps discovered:
D:1:      dpeg_arrival_lava_temple_mockup, layout_basic, serial_aquarium,
          aquarium_bridge_square [aquarium_subvault_wall,
          aquarium_subvault_balcony, aquarium_subvault_bridge,
          aquarium_subvault_wall], aquarium_window_2, aquarium_window_1,
          aquarium_view_2d, aquarium_view_2a, aquarium_balcony_1b, st_stairs_6
D:2:      layout_loops_corners, makhleb_blood_cavern_becter
D:3:      layout_loops_corners, nicolae_overflow_hidden_temple, serial_glass,
          glass_columns_a, glass_columns_c, glass_columns_a, glass_columns_a,
          glass_columns_c, glass_columns_b, uniq_terence
D:4:      layout_loops_corners
D:5:      layout_rooms, grunt_dithmenos_shadows, minmay_temple_entry_large_hall,
          minmay_lizard_king, uniq_grinder, uniq_blork_the_orc
D:6:      layout_gridville, minmay_fire_ice_demons, uniq_duvessa
Temple:   regret_index_temple_mists

Skill      XL: |  1  2  3  4  5  6  7  8 |
---------------+-------------------------+-----
Conjurations   | 5 6 7 8 |  8.0
Stealth        | 2 |  2.0
Dodging        | 2 3 |  3.1
Translocations | 1 2 3 |  3.1
Spellcasting   | 3 4 |  4.5
Fighting       | 1 |  1.6
Earth Magic    | 2 |  2.5

Action                   |  1- 3 |  4- 6 |  7- 9 || total
-------------------------+-------+-------+-------++-------
Melee: Unarmed           |    16 |    57 |    40 ||   113
       Tailslap          |     1 |     4 |     2 ||     7
       Scimitar          |       |       |     7 ||     7
 Cast: Magic Dart        |    45 |    37 |    22 ||   104
       Searing Ray       |     8 |    36 |    23 ||    67
       Iskenderun's Myst |       |     6 |    11 ||    17
       Apportation       |       |       |     1 ||     1
  Use: Potion            |     2 |     3 |     2 ||     7
       Scroll            |     1 |     7 |     2 ||    10
 Stab: Invisible         |       |       |     1 ||     1
Armor: Skin              |     6 |    39 |    29 ||    74
Dodge: Dodged            |    35 |    74 |    44 ||   153
       Rpst.: Scimitar   |       |       |     1 ||     1
